 Dungeon Crawl Stone Soup version 0.22.1-2-g9c5b331 (webtiles) character file.

100 idontknowman the Chopper (level 4, -3/39 HPs)
             Began as a Minotaur Fighter on Nov 24, 2018.
             Slain by an orc warrior
             ... wielding a +0 halberd
              (17 damage)
             ... on level 2 of the Dungeon.
             The game lasted 00:07:56 (1555 turns).

idontknowman the Chopper (Minotaur Fighter)         Turns: 1555, Time: 00:07:57

Health: -3/39      AC: 10    Str: 21    XL:     4   Next: 47%
Magic:  3/3        EV:  5    Int:  5    God:
Gold:   66         SH:  9    Dex: 10    Spells: 3/3 levels left

rFire    . . .     SeeInvis .   a - +0 war axe
rCold    . . .     Gourm    .   c - +0 shield
rNeg     . . .     Faith    .   m - +0 chain mail
rPois    .         Spirit   .   (helmet restricted)
rElec    .         Reflect  .   (no cloak)
rCorr    .         Harm     .   i - +0 pair of gloves
MR       .....                  (no boots)
Stlth    ..........             (no amulet)
HPRegen  0.13/turn              (no ring)
MPRegen  0.08/turn              (no ring)

@: no status effects
A: retaliatory headbutt, horns 2
a: no special abilities


You were on level 2 of the Dungeon.
You were not hungry.

You visited 1 branch of the dungeon, and saw 3 of its levels.

You collected 66 gold pieces.

Inventory:

Hand Weapons
 a - a +0 war axe (weapon)
 b - a +1 flail of protection
Armour
 c - a +0 shield (worn)
 i - a +0 pair of gloves (worn)
 m - a +0 chain mail (worn)
Scrolls
 h - 3 scrolls of identify
Potions
 d - 2 potions of might
 e - 3 potions of heal wounds
 g - a potion of lignification
 j - a potion of flight {unknown}
 k - a potion of agility {unknown}
 l - a potion of curing {unknown}
Comestibles
 f - a ration
 n - 2 chunks of flesh


   Skills:
 - Level 3.6 Fighting
 + Level 5.8 Axes
 - Level 3.6 Armour
 - Level 3.6 Shields


You had 3 spell levels left.
You didn't know any spells.
Your spell library was empty.

Dungeon Overview and Level Annotations

Branches:
Dungeon (3/15)

Altars:


Innate Abilities, Weirdness & Mutations

You reflexively headbutt those who attack you in melee.
You have a pair of horns on your head.


Message History

You climb downwards.
You block the bat's attack. You block the orc warrior's attack.
The orc priest calls down the wrath of Beogh upon you.
Beogh smites you! The rat barely misses you.
The orc warrior hits you but does no damage.
There is a stone staircase leading up here.
You block the bat's attack. The rat completely misses you.
You block the orc warrior's attack.
You climb upwards.
There is a stone staircase leading down here.
You closely miss the orc warrior. You closely miss the rat.
You block the rat's attack.
The orc warrior hits you with a halberd!
You barely miss the orc warrior. You hit the rat.
You kill the rat!
You block the orc warrior's attack.
You hit the orc warrior but do no damage.
You headbutt the orc warrior, but do no damage.
The orc warrior hits you with a halberd!
You die...

#.#####.##.#.#..####
#.#.....##.#.#.(#
#.#.#####..#.#..#
#.#.# #.#.#.#..#
#.#.# ##...#.#..#
#.#.###......#..####
#.#.##.......#......
#.†o..........#.....
###@##.......######.
#†###.....###.....
#.# ##...## #.####
##.## ##.## #.#
#...####.#####.#
#..............#
#...#######.##.#
##### #.##.#
#.##.####


You could see an orc warrior.

Vanquished Creatures
  2 adders (D:2)
  An ooze (D:1)
  A worm (D:2)
  4 dart slugs
  3 leopard geckos
  5 orcs (D:2)
  7 bats
  2 giant cockroaches
  8 goblins
  5 hobgoblins
  6 jackals
  3 kobolds
  A quokka (D:2)
  2 frilled lizards (D:1)
  5 rats
55 creatures vanquished.

Notes
Turn   | Place    | Note
-------+----------+-------------------------------------------
     0 | D:1      | idontknowman the Minotaur Fighter began the quest for the
                  | Orb.
     0 | D:1      | Reached XP level 1. HP: 19/19 MP: 0/0
    46 | D:1      | Reached skill level 3 in Axes
    46 | D:1      | Reached XP level 2. HP: 19/26 MP: 1/1
   251 | D:1      | Reached skill level 4 in Axes
   396 | D:1      | Reached XP level 3. HP: 19/31 MP: 2/2
   906 | D:2      | Reached skill level 5 in Axes
  1058 | D:2      | Reached XP level 4. HP: 39/39 MP: 3/3
  1456 | D:3      | Noticed a centaur
  1505 | D:3      | Noticed an orc warrior
  1555 | D:2      | Slain by an orc warrior

Skill      XL: |  1  2  3 |
---------------+----------+-----
Axes           | 3 4 5 |  5.8
Fighting       | |  3.6
Armour         | |  3.6
Shields        | |  3.6

Action                   |  1- 3 |  4- 6 || total
-------------------------+-------+-------++-------
Melee: War axe           |   123 |    16 ||   139
       Headbutt          |    18 |     6 ||    24
  Use: Scroll            |     2 |       ||     2
  Eat: Chunk             |     1 |     1 ||     2
Armor: Scale mail        |    83 |       ||    83
       Chain mail        |       |     9 ||     9
Dodge: Dodged            |    35 |     3 ||    38
Block: Shield            |    75 |    17 ||    92
